[Event "Western Asian Juniors Chess-ch 2023"]
[Site "Colombo"]
[Date "2023.12.01"]
[Round "4.10"]
[White "Mujahid Bin Yazeed"]
[Black "Sathsindu, W M Minura"]
[Result "1/2-1/2"]
[ECO "B76"]
[WhiteElo "1832"]
[BlackElo "1542"]
[Annotator "NA RC"]
[PlyCount "184"]
[EventDate "2023.11.30"]
[EventCountry "SRI"]
[SourceTitle "playchess.com"]
[Source "ChessBase"]
[SourceQuality "1"]
[TimeControl "5400+30"]

1. e4 c5 2. Nc3 g6 3. d4 Bg7 4. Nf3 cxd4 5. Nxd4 Nc6 6. Be3 d6 7. Be2 Nf6 8. f3 O-O 9. Qd2 d5 10. exd5 Nxd5 11. Nxd5 Qxd5 12. Nxc6 Qxc6 13. c3 Bf5 14. O-O Rfd8 15. Qe1 Bd3 16. Bxd3 Rxd3 17. Qe2 Rdd8 18. a4 Rd6 19. Qf2 a5 20. Bc5 Rd7 21. Rfe1 e6 22. Be3 b5 23. axb5 Qxb5 24. Qc2 Rb8 25. Ra2 h5 26. Rea1 a4 27. Bc1 Rbd8 28. Be3 Rb8 29. g3 Bf6 30. Kf2 Bg7 31. Rc1 Qb3 $11 (31... Rc7 $15) 32. Rxa4 Qxb2 33. Ra2 {[%emt 0:03:02] [#]} (33. Rb4 $1 $11 Rxb4 34. cxb4) 33... Bxc3 $1 34. Kf1 ({Better is} 34. g4) 34... Qxc2 35. Rcxc2 Bf6 36. Kg2 Rb3 37. Bf2 Rdd3 38. f4 Bd4 39. Bxd4 Rxd4 40. Rc7 Rd5 41. Rc6 Rf5 42. Ra7 (42. Rc7 $17 {was called for.}) 42... h4 43. Rcc7 hxg3 44. hxg3 e5 (44... Rbb5 $17) 45. fxe5 Re3 46. Re7 Rexe5 47. Rxe5 Rxe5 48. Kf3 Kg7 49. Kf4 Re6 50. Kg4 Re4+ 51. Kf3 Rb4 52. Ra6 f5 53. Re6 Kh6 54. Re3 Kg5 55. Rc3 Rb1 56. Rc4 Rb3+ 57. Kf2 Rd3 58. Rb4 Kh5 (58... Ra3 $15 {is more appropriate.}) 59. Rh4+ Kg5 60. Rc4 Kh6 61. Rc6 Kh5 62. Rc5 Ra3 63. Rd5 Ra4 64. Kf3 Kh6 65. Rd6 Kg7 66. Rd7+ Kf6 67. Rd6+ Kf7 68. Rd5 Ke6 69. Rb5 g5 70. Rb6+ Kf7 71. Rc6 Re4 72. Rc7+ Kg6 73. Rc8 g4+ 74. Kf2 Ra4 75. Rc6+ Kg5 76. Rc5 Ra2+ 77. Kf1 Kf6 78. Rb5 Ke6 79. Rc5 Rd2 80. Kg1 Rd5 81. Rc1 Ke5 82. Re1+ Kd4 83. Rd1+ Ke4 84. Rf1 Rd3 85. Rf4+ Ke5 86. Kg2 Re3 87. Rb4 Rf3 88. Rb5+ Kd4 89. Ra5 Ke4 90. Ra4+ Ke5 91. Ra5+ Ke4 92. Ra4+ Ke5 1/2-1/2

[Event "Western Asian Juniors Chess-ch 2023"]
[Site "Colombo"]
[Date "2023.12.02"]
[Round "5.1"]
[White "De Silva, L M S T"]
[Black "Harshavardhan G B"]
[Result "1/2-1/2"]
[ECO "A27"]
[WhiteElo "2394"]
[BlackElo "2390"]
[Annotator "RC"]
[PlyCount "159"]
[EventDate "2023.11.30"]
[EventCountry "SRI"]
[SourceTitle "playchess.com"]
[Source "ChessBase"]
[SourceQuality "1"]
[TimeControl "5400+30"]

1. c4 e5 2. Nc3 Nc6 3. Nf3 f5 4. g3 Nf6 5. d4 e4 6. Nh4 d5 7. Bg5 Bb4 8. e3 O-O 9. Qb3 Be6 10. O-O-O Bxc3 11. Qxc3 Ne7 12. Ng2 dxc4 13. Nf4 Ned5 14. Nxe6 Nxc3 15. Nxd8 Nxd1 16. Bxc4+ Kh8 17. Nf7+ Rxf7 18. Bxf7 Nxf2 19. Rf1 N6g4 20. Be6 h6 21. Bf4 Nd3+ 22. Kd2 Nxh2 23. Rh1 Nf3+ 24. Ke2 Nxf4+ 25. gxf4 Rf8 26. d5 g5 27. Rc1 gxf4 28. Rxc7 fxe3 29. Kxe3 f4+ 30. Kxe4 Ng5+ 31. Kd3 f3 32. Rc1 Kg7 33. Bg4 Kf6 34. d6 f2 35. Ke3 Ke5 36. d7 Ne6 37. Rf1 Kd6 38. Bxe6 Kxe6 39. Rxf2 Rh8 40. Rd2 Ke7 41. Kf4 Kd8 42. Kg3 Rh7 43. Rd6 Rg7+ 44. Kf3 Rh7 45. Kg3 b6 46. Kf4 h5 47. Kg3 Rxd7 48. Rh6 Rd2 49. b4 Rxa2 50. b5 Rc2 51. Rxh5 Rc5 52. Rh7 Rxb5 53. Rxa7 Rd5 54. Rb7 Rd6 55. Kf3 Kc8 56. Rh7 Rd7 57. Rh6 Kb7 58. Ke3 Ka6 59. Rh1 b5 60. Ra1+ Kb6 61. Rb1 Rd8 62. Ke4 Rd2 63. Ke3 Rd5 64. Ke4 Kc6 65. Rc1+ Rc5 66. Rb1 Rc3 67. Kd4 Ra3 68. Rc1+ Kb6 69. Rc3 Ra2 70. Rc8 Kb7 71. Rc5 Kb6 72. Rc8 Ra3 73. Rc3 Ra1 74. Kd3 b4 75. Rb3 Ka5 76. Kc2 Ka4 77. Rh3 Ra3 78. Rh8 Ra2+ 79. Kb1 Rf2 80. Rh3 1/2-1/2

[Event "Western Asian Juniors Chess-ch 2023"]
[Site "Colombo"]
[Date "2023.12.02"]
[Round "5.2"]
[White "Hommadov, Amanmuhammet"]
[Black "Liyanage, Ranindu Dilshan"]
[Result "1-0"]
[ECO "C07"]
[WhiteElo "2055"]
[BlackElo "2400"]
[Annotator "TA"]
[PlyCount "89"]
[EventDate "2023.11.30"]
[EventCountry "SRI"]
[SourceTitle "playchess.com"]
[Source "ChessBase"]
[SourceQuality "1"]
[TimeControl "5400+30"]

1. e4 e6 2. d4 d5 3. Nd2 c5 4. exd5 Qxd5 5. Ngf3 cxd4 6. Bc4 Qd7 {[%emt 0:00:34] C07: French Tarrasch: 3...c5, 4 Ngf3 and 4 exd5 Qxd5.} 7. O-O Nc6 8. Nb3 a6 {[%emt 0:00:11] The position is equal.} 9. Nbxd4 Nxd4 10. Nxd4 Qc7 {[%emt 0:00:21] Dodges Bf4} 11. Bb3 {[%emt 0:00:15] 11.Bd3 is the hot move.} (11. Qe2 {seems wilder.} Bd6 12. Nf5 Bxh2+ 13. Kh1) 11... Bd6 12. h3 {[%emt 0:02:16] 12.Qh5 is vanishing.} Ne7 13. Re1 O-O 14. c3 Bd7 15. Qh5 Ng6 16. Bc2 {[%emt 0:05:43] [#]} Bh2+ $146 ({Predecessor:} 16... Qc5 17. Qxc5 Bxc5 18. Nb3 Ba7 19. Be4 Rab8 20. Be3 Bxe3 21. Rxe3 Rfc8 22. Rd1 Bc6 23. Bxc6 Rxc6 {½-½ Gomez Garrido,C (2515)-Matsenko,S (2546) Carlos Torre Memorial op 29th 2017 (8)}) 17. Kh1 {[%emt 0:00:08] And now g3 would win.} Bf4 18. Re4 (18. Bxf4 $14 Qxf4 19. Kg1) 18... h6 19. Bxf4 Nxf4 20. Qg4 (20. Qe5 $11 {keeps the balance.} Qxe5 21. Rxe5) 20... e5 $17 21. Nf5 (21. Qf3 $17) 21... g6 $1 $19 22. Nxh6+ {[%emt 0:00:37][%cal Bf5h6,Bh6g4,Bg4f6][%mdl 32] [#]} Kg7 $1 23. Qg5 f6 24. Qg3 ({Not} 24. Qh4 $2 Rh8 25. Rxf4 exf4 $19) 24... f5 ({Much less strong is} 24... Kxh6 25. Rxf4 f5 26. Rh4+ Kg7 27. Qg5 $18) 25. Rxf4 exf4 26. Qg5 {[%emt 0:00:00][%cal Oh6g4] [#] Black must now prevent Ng4!} Rae8 $4 (26... Qd8 $1 $19 27. Qxf4 Qe7) 27. Ng4 $1 $40 {[%emt 0:01:03][%mdl 128] Strongly threatening Qh6+. Black is in trouble. White now steadily converts the win.} Be6 $2 (27... fxg4 $2 {gets mated.} 28. Qxg6+ Kh8 29. Qh7#) (27... Re2 28. Rd1 Be6) 28. Qh6+ {[%emt 0:06:35][%mdl 64] Deflection} Kg8 29. Qxg6+ Qg7 {[%emt 0:01:20] [#]} 30. Nf6+ $1 {[%emt 0:00:06][%mdl 576] Deflection} Rxf6 31. Qxe8+ Qf8 32. Qh5 Bd5 33. Rd1 Bc6 34. Qg5+ Kh7 35. Qxf4 Qf7 36. f3 Qe6 37. Rd8 {[%emt 0:00:25] Qh4+ would be deadly.} Bd5 38. a3 Kg7 39. Bd3 b5 40. Kh2 Bc6 41. Qc7+ Kg6 42. Qg3+ Kh7 43. Qh4+ Kg6 44. f4 (44. Rh8 $142 Qd6+ 45. f4 Kf7 46. Qh7+ Ke6 47. Qg8+ Rf7 48. Rh6+ Ke7 49. Rxd6) 44... Qe3 45. Bb1 {[%emt 0:01:21] An entertaining game by Hommadov.   Weighted Error Value: White=0.18 (very precise) /Black=0.38} (45. Bc2 $142 Be8 46. Bxf5+ Kg7 47. Qg5+ Kf7 48. Rb8 Rb6 49. Bc2 Rxb8 50. Bb3+ Qe6 51. Bxe6+ Kxe6 52. Qe5+ Kf7 53. Qxb8) 1-0

[Event "Western Asian Juniors Chess-ch 2023"]
[Site "Colombo"]
[Date "2023.12.02"]
[Round "5.3"]
[White "Thilakarathne, G M H"]
[Black "Orozbaev, Eldiar"]
[Result "0-1"]
[ECO "D25"]
[WhiteElo "2389"]
[BlackElo "2278"]
[Annotator "RC"]
[PlyCount "118"]
[EventDate "2023.11.30"]
[EventCountry "SRI"]
[SourceTitle "playchess.com"]
[Source "ChessBase"]
[SourceQuality "1"]
[TimeControl "5400+30"]

1. d4 d5 2. Nf3 Nf6 3. c4 dxc4 4. e3 a6 5. Bxc4 b5 6. Be2 Bb7 7. O-O e6 8. a4 b4 9. a5 Nbd7 10. Qa4 c5 11. Nbd2 Qc7 12. Ne5 Be7 13. Bf3 cxd4 14. exd4 Rc8 15. Bxb7 Qxb7 16. Ndf3 O-O 17. Bf4 Nxe5 18. Bxe5 Nd5 19. Rac1 Rxc1 20. Rxc1 Rc8 21. Qd1 Bd8 22. Rc5 Be7 23. Rc2 b3 24. Rc1 Bb4 25. h4 f6 26. Bg3 Rxc1 27. Qxc1 Bxa5 28. Bd6 Kf7 29. h5 Bc7 30. Bxc7 Qxc7 31. Qxc7+ Nxc7 32. Nd2 Ke7 33. Kf1 Kd6 34. Ke2 Nd5 35. g3 Nb6 36. Kd3 Na4 37. Nc4+ Kc6 38. g4 Kb5 39. f4 Kb4 40. g5 f5 41. g6 h6 42. d5 exd5 43. Ne3 Nxb2+ 44. Kd4 Na4 45. Nxd5+ Ka3 46. Ne3 b2 47. Nc4+ Kb3 48. Nxb2 Nxb2 49. Ke5 a5 50. Ke6 Nd3 51. Kf7 Nxf4 52. Kxg7 a4 53. Kxh6 Ne6 54. Kh7 a3 55. h6 Nf8+ 56. Kg7 Nxg6 57. Kxg6 a2 58. Kxf5 a1=Q 59. Kg6 Qh8 0-1

[Event "Western Asian Juniors Chess-ch 2023"]
[Site "Colombo"]
[Date "2023.12.02"]
[Round "5.4"]
[White "Mazhkenov, Alisher"]
[Black "Raahul V S"]
[Result "1-0"]
[ECO "C14"]
[WhiteElo "2105"]
[BlackElo "2350"]
[Annotator "RC"]
[PlyCount "139"]
[EventDate "2023.11.30"]
[EventCountry "SRI"]
[SourceTitle "playchess.com"]
[Source "ChessBase"]
[SourceQuality "1"]
[TimeControl "5400+30"]

1. e4 e6 2. d4 d5 3. Nc3 Nf6 4. Bg5 Be7 5. e5 Nfd7 6. Bxe7 Qxe7 7. f4 a6 8. Qg4 O-O 9. Nf3 c5 10. Bd3 f5 11. Qg5 Qxg5 12. Nxg5 cxd4 13. Ne2 Nc5 14. Nxd4 Nc6 15. Ngf3 Bd7 16. Ke2 Be8 17. Ke3 Rc8 18. Rhg1 Bh5 19. Nxc6 Rxc6 20. Nd4 Rc7 21. b4 Nxd3 22. cxd3 Kf7 23. b5 axb5 24. Nxb5 Rc6 25. Nd4 Rc7 26. Rgc1 Rfc8 27. Rxc7+ Rxc7 28. Rb1 Ke7 29. Rb6 Bf7 30. Nb5 Rc2 31. Rxb7+ Kf8 32. Nd6 Bh5 33. a4 Rxg2 34. a5 Ra2 35. Ra7 Ra4 36. Nb5 g5 37. d4 Be8 38. Nd6 Ra3+ 39. Kd2 Bg6 40. Nb5 Ra4 41. a6 gxf4 42. Ra8+ Kg7 43. a7 Ra2+ 44. Ke1 f3 45. Rc8 f4 46. Rc3 Be4 47. Ra3 Re2+ 48. Kf1 Rxh2 49. Rxf3 Bxf3 50. a8=Q Be2+ 51. Ke1 f3 52. Qd8 Bxb5 53. Qf6+ Kg8 54. Qxe6+ Kf8 55. Qd6+ Kg7 56. Qf6+ Kg8 57. Qg5+ Kh8 58. Qf6+ Kg8 59. Qe6+ Kf8 60. Qc8+ Be8 61. Qc5+ Kg7 62. Qxd5 Bh5 63. Qe6 Rh1+ 64. Kf2 Rh2+ 65. Kg1 f2+ 66. Kf1 Bg6 67. Qf6+ Kg8 68. Qf3 Rh4 69. e6 Re4 70. Qf6 1-0

[Event "Western Asian Juniors Chess-ch 2023"]
[Site "Colombo"]
[Date "2023.12.02"]
[Round "5.5"]
[White "Dissanayake, R K T"]
[Black "Manon, Reja Neer"]
[Result "0-1"]
[ECO "C63"]
[WhiteElo "1865"]
[BlackElo "2207"]
[Annotator "RC"]
[PlyCount "64"]
[EventDate "2023.11.30"]
[EventCountry "SRI"]
[SourceTitle "playchess.com"]
[Source "ChessBase"]
[SourceQuality "1"]
[TimeControl "5400+30"]

1. e4 e5 2. Nf3 Nc6 3. Bb5 f5 4. d3 fxe4 5. dxe4 Nf6 6. Bg5 d6 7. Nc3 Be7 8. h3 Be6 9. Qd3 a6 10. Ba4 Nd7 11. Be3 Na5 12. Nd5 b5 13. Bb3 Nxb3 14. axb3 O-O 15. h4 c6 16. Nxe7+ Qxe7 17. Ng5 Nf6 18. Rd1 Rad8 19. Rd2 Bc8 20. b4 h6 21. Qb3+ Kh8 22. f3 Nh5 23. g4 Nf4 24. Bxf4 Rxf4 25. Ke2 d5 26. Nh3 Qxh4 27. exd5 Rxf3 28. Kxf3 Qxg4+ 29. Ke3 Qg3+ 30. Ke2 Bg4+ 31. Kf1 Bxh3+ 32. Rxh3 Rf8+ 0-1

[Event "Western Asian Juniors Chess-ch 2023"]
[Site "Colombo"]
[Date "2023.12.02"]
[Round "5.6"]
[White "Halynyazow, Vepaly"]
[Black "Ovitigala, Chenitha Mithvidu"]
[Result "1-0"]
[ECO "D58"]
[WhiteElo "2020"]
[BlackElo "1710"]
[Annotator "NA RC"]
[PlyCount "73"]
[EventDate "2023.11.30"]
[EventCountry "SRI"]
[SourceTitle "playchess.com"]
[Source "ChessBase"]
[SourceQuality "1"]
[TimeControl "5400+30"]

1. d4 Nf6 2. c4 e6 3. Nf3 d5 4. Nc3 Be7 5. Bg5 h6 6. Bh4 O-O 7. e3 b6 8. cxd5 exd5 9. Bd3 Bb7 10. g4 Ne4 11. Bxe7 Qxe7 12. Qc2 Nd7 13. O-O-O c5 14. g5 h5 15. Kb1 Rac8 16. Rhe1 a6 17. Bxe4 dxe4 18. Nd2 b5 19. d5 b4 20. Ncxe4 Bxd5 21. Ng3 g6 22. e4 Be6 23. f4 h4 24. Nf5 gxf5 25. exf5 b3 26. axb3 Rfd8 27. fxe6 fxe6 28. Qg6+ Kh8 29. Rxe6 Qh7 30. Qxh7+ Kxh7 31. Ne4 Nf8 32. Rxd8 Rxd8 33. Rxa6 Rd4 34. Nf6+ Kg7 35. f5 Rd8 36. Ra7+ Kh8 37. g6 1-0

[Event "Western Asian Juniors Chess-ch 2023"]
[Site "Colombo"]
[Date "2023.12.02"]
[Round "5.7"]
[White "Janukshan, B."]
[Black "Ankit Ray"]
[Result "0-1"]
[ECO "A46"]
[WhiteElo "1635"]
[BlackElo "1902"]
[Annotator "NA RC"]
[PlyCount "153"]
[EventDate "2023.11.30"]
[EventCountry "SRI"]
[SourceTitle "playchess.com"]
[Source "ChessBase"]
[SourceQuality "1"]
[TimeControl "5400+30"]

1. d4 Nf6 2. Nf3 e6 3. g3 b5 4. Bg2 Bb7 5. Qd3 a6 6. Bg5 c5 7. dxc5 Bxc5 8. O-O h6 9. Bxf6 Qxf6 10. Nbd2 O-O 11. c3 d5 12. e4 Nd7 13. exd5 Bxd5 14. Ne4 Qe7 15. Nxc5 Nxc5 16. Qe3 Rac8 17. Rfd1 Qb7 18. b3 Ne4 19. Rac1 Nf6 20. Ne1 Bxg2 21. Nxg2 Nd5 22. Qf3 Rc6 23. Ne3 Nxe3 24. Qxe3 Qc7 25. Rd3 Rc8 26. Rcd1 Rxc3 27. Rxc3 Qxc3 28. Rd8+ Kh7 29. Qxc3 Rxc3 30. Rd6 Rc2 31. Rxa6 b4 32. Ra4 g5 33. Rxb4 Rxa2 34. h4 Rb2 35. hxg5 hxg5 36. Kg2 g4 37. Rb7 Kg6 38. b4 Rb1 39. b5 f5 40. b6 Kf6 41. Rb8 Ke7 42. Kh2 Kd7 43. Kg2 Rb2 44. Kf1 Kc6 45. Re8 Kd5 46. Rb8 Kc6 47. Re8 Kd7 48. Rb8 Rb1+ 49. Ke2 Kc6 50. Re8 Kd5 51. Rb8 Ke4 52. Rd8 Rxb6 53. Rd2 Rb3 54. Ra2 Rd3 55. Ra4+ Rd4 56. Ra3 e5 57. Re3+ Kd5 58. Ra3 f4 59. gxf4 exf4 60. Ra8 f3+ 61. Ke1 Ke4 62. Ra7 Rd5 63. Ra4+ Kf5 64. Ra8 Rb5 65. Rg8 Kf4 66. Rf8+ Kg5 67. Rh8 Ra5 68. Rh7 Ra1+ 69. Kd2 Rf1 70. Rh2 Kf4 71. Kd3 Rxf2 72. Rxf2 g3 73. Ra2 g2 74. Ra4+ Kg3 75. Ra6 g1=Q 76. Rg6+ Kf2 77. Kd4 0-1

[Event "Western Asian Juniors Chess-ch 2023"]
[Site "Colombo"]
[Date "2023.12.02"]
[Round "5.8"]
[White "Liyanage, Pesandu Rashmitha"]
[Black "Mujahid Bin Yazeed"]
[Result "1-0"]
[ECO "D03"]
[WhiteElo "1766"]
[BlackElo "1832"]
[Annotator "NA RC"]
[PlyCount "89"]
[EventDate "2023.11.30"]
[EventCountry "SRI"]
[SourceTitle "playchess.com"]
[Source "ChessBase"]
[SourceQuality "1"]
[TimeControl "5400+30"]

1. Nf3 Nf6 2. d4 c5 3. c3 e6 4. Bg5 d5 5. e3 Nbd7 6. Nbd2 Be7 7. Bd3 a6 8. Ne5 h6 9. Bh4 Nxe5 10. dxe5 Nd7 11. Bxe7 Qxe7 12. f4 c4 13. Bc2 b5 14. a3 Bb7 15. Nf3 O-O 16. O-O f6 17. Qd4 f5 18. Qd2 Nc5 19. Nd4 g6 20. Qe2 Kf7 21. Kh1 Rg8 22. g4 Qh4 23. Rg1 Rac8 24. Rg3 g5 25. Rag1 gxf4 26. exf4 Ne4 27. Bxe4 dxe4 28. Qe3 Rxg4 29. Rxg4 fxg4 30. Rg3 Rg8 31. Nxe6 Kxe6 32. Qb6+ Kf5 33. Qxb7 Rf8 34. Qg7 Kxf4 35. Qxf8+ Kxe5 36. Qc5+ Kf4 37. Qd6+ Kf5 38. Qd5+ Kf4 39. Qd2+ Ke5 40. Qd4+ Kf4 41. Re3 Qe7 42. Re1 Qe6 43. Rf1+ Kg5 44. Qe3+ Kh5 45. Rf4 1-0

[Event "Western Asian Juniors Chess-ch 2023"]
[Site "Colombo"]
[Date "2023.12.02"]
[Round "5.9"]
[White "Senevirathne, D C B K"]
[Black "Nabil Nazar, Mohamed"]
[Result "1-0"]
[ECO "B45"]
[WhiteElo "1482"]
[BlackElo "1803"]
[Annotator "NA RC"]
[PlyCount "119"]
[EventDate "2023.11.30"]
[EventCountry "SRI"]
[SourceTitle "playchess.com"]
[Source "ChessBase"]
[SourceQuality "1"]
[TimeControl "5400+30"]

1. e4 c5 2. Nf3 e6 3. d4 cxd4 4. Nxd4 Nf6 5. Nc3 Nc6 6. Nxc6 bxc6 7. e5 Nd5 8. Ne4 Bb7 9. Be2 c5 10. O-O Qc7 11. Nd6+ Bxd6 12. exd6 Qc6 13. f3 c4 14. Qd4 O-O 15. Bxc4 Qxd6 16. b3 e5 17. Qf2 Nb6 18. Bd3 Qe6 19. Bb2 d5 20. f4 f6 21. fxe5 fxe5 22. Qg3 Nd7 23. Rxf8+ Rxf8 24. Re1 Qb6+ 25. Kh1 Qf2 26. Bxe5 Nxe5 27. Qxe5 d4 28. Rg1 Qe3 29. Qd6 Qf2 30. Qe6+ Kh8 31. Qh3 h6 32. Qd7 Qf7 33. Qxd4 a5 34. Qb6 a4 35. bxa4 Bd5 36. a3 Bc4 37. Be4 Qf2 38. Qxf2 Rxf2 39. Rd1 Kg8 40. Kg1 Re2 41. Bg6 Kf8 42. Rd8+ Ke7 43. Re8+ Kd6 44. Rxe2 Bxe2 45. Bd3 Bg4 46. Kf2 Kc6 47. a5 g5 48. Kg3 Be6 49. h4 Bd5 50. Be2 Kc5 51. c3 Be6 52. hxg5 hxg5 53. Kf2 Bd5 54. g3 Be6 55. Ke3 Bd5 56. a6 Kb6 57. Kd4 Bg2 58. Ke5 g4 59. Kf4 Bd5 60. Kxg4 1-0

[Event "Western Asian Juniors Chess-ch 2023"]
[Site "Colombo"]
[Date "2023.12.02"]
[Round "5.10"]
[White "Sathsindu, W M Minura"]
[Black "Senevirathne, S D B K"]
[Result "1/2-1/2"]
[ECO "E11"]
[WhiteElo "1542"]
[BlackElo "1802"]
[Annotator "NA RC"]
[PlyCount "44"]
[EventDate "2023.11.30"]
[EventCountry "SRI"]
[SourceTitle "playchess.com"]
[Source "ChessBase"]
[SourceQuality "1"]
[TimeControl "5400+30"]

1. d4 Nf6 2. Nf3 e6 3. g3 b6 4. Bg2 Bb7 5. c4 Bb4+ 6. Bd2 Qe7 7. a3 Bxd2+ 8. Qxd2 c5 9. O-O O-O 10. Nc3 cxd4 11. Nxd4 Bxg2 12. Kxg2 Qc5 13. b3 Rd8 14. Rfd1 Na6 15. e4 d5 16. exd5 exd5 17. Nxd5 Nxd5 18. cxd5 Rxd5 19. b4 Qc7 20. Qe2 Qb7 21. Qf3 Rad8 22. Qe2 Ra8 1/2-1/2

[Event "Western Asian Juniors Chess-ch 2023"]
[Site "Colombo"]
[Date "2023.12.03"]
[Round "6.1"]
[White "Hommadov, Amanmuhammet"]
[Black "Mazhkenov, Alisher"]
[Result "0-1"]
[ECO "B50"]
[WhiteElo "2055"]
[BlackElo "2105"]
[Annotator "NA RC"]
[PlyCount "146"]
[EventDate "2023.11.30"]
[EventCountry "SRI"]
[SourceTitle "playchess.com"]
[Source "ChessBase"]
[SourceQuality "1"]
[TimeControl "5400+30"]

1. e4 c5 2. Nf3 d6 3. c3 Nf6 4. Bd3 Bg4 5. h3 Bh5 6. Bc2 Nc6 7. d3 e6 8. Nbd2 h6 9. Ba4 Qc7 10. Nf1 O-O-O 11. Ng3 Bg6 12. Qe2 Bh7 13. O-O d5 14. e5 Nd7 15. d4 cxd4 16. cxd4 Nb6 17. Bb3 Nb4 18. Rd1 Kb8 19. Bf4 Be7 20. Rac1 Qd7 21. a3 Nc6 22. Bd2 Nc4 23. Bxc4 dxc4 24. Qxc4 Rc8 25. Qe2 Qd5 26. Nh5 Be4 27. Be3 g5 28. Ng3 Bg6 29. b4 Qb3 30. d5 exd5 31. Bc5 Bxc5 32. Rxc5 Qxa3 33. Rcxd5 Qxb4 34. Qe3 Rhe8 35. Nd4 Nxd4 36. R1xd4 Qc3 37. Qe2 Re7 38. Kh2 Rec7 39. f3 Qc1 40. Rd1 Qc4 41. Qf2 Rc5 42. R5d4 Qe6 43. f4 gxf4 44. Qxf4 Qxe5 45. Qxh6 Rc2 46. Qh4 a6 47. Qg4 R8c3 48. Rb4 Rc7 49. Rbd4 Rb2 50. Rd5 Qe3 51. Nf1 Qf2 52. Nd2 Rcc2 53. Qg5 Ka7 54. Rf1 Qb6 55. Rf6 Qc7+ 56. Rfd6 Rb6 57. Qg3 Rc3 58. Qe5 Rd3 59. Rxb6 Qxe5+ 60. Rxe5 Kxb6 61. Nc4+ Kc7 62. Re7+ Rd7 63. Re8 b5 64. Ne5 Rd6 65. g4 Rd2+ 66. Kg3 b4 67. Re7+ Kd6 68. Nxg6 fxg6 69. Rb7 Kc5 70. h4 a5 71. Ra7 Kb5 72. h5 gxh5 73. gxh5 b3 0-1

[Event "Western Asian Juniors Chess-ch 2023"]
[Site "Colombo"]
[Date "2023.12.03"]
[Round "6.2"]
[White "Orozbaev, Eldiar"]
[Black "Harshavardhan G B"]
[Result "0-1"]
[ECO "C45"]
[WhiteElo "2278"]
[BlackElo "2390"]
[Annotator "RC"]
[PlyCount "117"]
[EventDate "2023.11.30"]
[EventCountry "SRI"]
[SourceTitle "playchess.com"]
[Source "ChessBase"]
[SourceQuality "1"]
[TimeControl "5400+30"]

1. e4 e5 2. Nf3 Nc6 3. d4 exd4 4. Nxd4 Bc5 5. Nf5 d5 6. Nxg7+ Kf8 7. Nh5 Qh4 8. Ng3 Nf6 9. Be2 Bg4 10. Nc3 Re8 11. f3 d4 12. Nb5 Nxe4 13. fxe4 Rxe4 14. Bh6+ Kg8 15. Bg5 Rxe2+ 16. Qxe2 Qxg5 17. Qe4 d3 18. cxd3 Kg7 19. Rf1 Rd8 20. Nf5+ Kf8 21. h4 Qg6 22. h5 Qg5 23. Qf4 Bb4+ 24. Nc3 Re8+ 25. Kd2 Re2+ 26. Kc1 Qxf4+ 27. Rxf4 Rxg2 28. Ne3 Rg1+ 29. Rf1 Rxf1+ 30. Nxf1 Bxh5 31. Kd2 Ne5 32. a3 Bc5 33. Ng3 Nf3+ 34. Ke2 Nd4+ 35. Kf1 Nb3 36. Re1 Bg6 37. Nge4 Bd4 38. Kg2 c6 39. Nd6 b6 40. Re8+ Kg7 41. Nc8 Bxd3 42. Nxa7 f5 43. Kf3 b5 44. Rd8 Be4+ 45. Kf4 Bg2 46. Rd7+ Kg8 47. Nc8 Nc5 48. Rxd4 Ne6+ 49. Ke5 Nxd4 50. Kxd4 Kf7 51. Ke5 h5 52. Nd6+ Kg6 53. Nxf5 Kg5 54. b4 Bf3 55. Nd4 Kg4 56. Nce2 Bxe2 57. Nxe2 h4 58. Ke4 h3 59. Kd4 0-1

[Event "Western Asian Juniors Chess-ch 2023"]
[Site "Colombo"]
[Date "2023.12.03"]
[Round "6.3"]
[White "Manon, Reja Neer"]
[Black "De Silva, L M S T"]
[Result "0-1"]
[ECO "C78"]
[WhiteElo "2207"]
[BlackElo "2394"]
[Annotator "RC"]
[PlyCount "110"]
[EventDate "2023.11.30"]
[EventCountry "SRI"]
[SourceTitle "playchess.com"]
[Source "ChessBase"]
[SourceQuality "1"]
[TimeControl "5400+30"]

1. e4 e5 2. Nf3 Nc6 3. Bb5 a6 4. Ba4 Nf6 5. O-O b5 6. Bb3 Bb7 7. Re1 Bc5 8. c3 d6 9. d4 Bb6 10. Be3 O-O 11. Nbd2 h6 12. h3 exd4 13. cxd4 Nb4 14. d5 Nd3 15. Re2 Nh5 16. Bxb6 cxb6 17. Re3 Nxb2 18. Qc2 Na4 19. Bxa4 Rc8 20. Qd1 bxa4 21. Qxa4 Nf4 22. Rae1 b5 23. Qa3 Rc2 24. Nf1 Qf6 25. Qa5 Qd8 26. Qa3 Qb6 27. Ng3 g6 28. Nh2 Rfc8 29. Rf3 b4 30. Qa4 Nd3 31. Ng4 Nxe1 32. Nxh6+ Kh8 33. Rxf7 Rxf2 34. Rxf2 Nd3 35. Ng4 Nxf2 36. Nxf2 Qe3 37. Nf1 Qd4 38. Qb3 Rc3 39. Qa4 Rc7 40. Qb3 Qc3 41. Qa4 Rf7 42. Qe8+ Kg7 43. Ng4 Qa1 44. Nge3 Qxa2 45. e5 Qf2+ 46. Kh1 dxe5 47. Qxe5+ Qf6 48. Qe4 b3 49. Ng3 b2 50. Qd3 Qe5 51. Ne4 Re7 52. Ng4 Qxe4 53. Qc3+ Kg8 54. Qxb2 Qf4 55. Qa1 Rc7 0-1

[Event "Western Asian Juniors Chess-ch 2023"]
[Site "Colombo"]
[Date "2023.12.03"]
[Round "6.4"]
[White "Liyanage, Ranindu Dilshan"]
[Black "Senevirathne, D C B K"]
[Result "1-0"]
[ECO "A09"]
[WhiteElo "2400"]
[BlackElo "1482"]
[Annotator "RC"]
[PlyCount "72"]
[EventDate "2023.11.30"]
[EventCountry "SRI"]
[SourceTitle "playchess.com"]
[Source "ChessBase"]
[SourceQuality "1"]
[TimeControl "5400+30"]

1. Nf3 d5 2. c4 d4 3. e3 c5 4. b4 Bg4 5. exd4 cxd4 6. d3 e5 7. a3 Qf6 8. Nbd2 Nd7 9. Be2 Be7 10. Nxd4 e4 11. Bb2 Bxe2 12. Qxe2 exd3 13. Qxd3 Nh6 14. O-O O-O 15. Qb3 Qf4 16. N2f3 Bf6 17. Rad1 Ng4 18. h3 Nge5 19. c5 Rad8 20. Rfe1 Rfe8 21. Bc1 Nxf3+ 22. Nxf3 Qc7 23. Qc4 a6 24. Bf4 Qc6 25. Rxe8+ Rxe8 26. Qd5 Qxd5 27. Rxd5 Nf8 28. Be5 Bd8 29. Bd4 f6 30. Be3 Kf7 31. Kf1 Bc7 32. Ke2 Ke6 33. Rd2 g5 34. Nd4+ Ke5 35. Kd3 Nd7 36. Bf4+ Kd5 1-0

[Event "Western Asian Juniors Chess-ch 2023"]
[Site "Colombo"]
[Date "2023.12.03"]
[Round "6.5"]
[White "Raahul V S"]
[Black "Thilakarathne, G M H"]
[Result "1/2-1/2"]
[ECO "A28"]
[WhiteElo "2350"]
[BlackElo "2389"]
[Annotator "RC"]
[PlyCount "81"]
[EventDate "2023.11.30"]
[EventCountry "SRI"]
[SourceTitle "playchess.com"]
[Source "ChessBase"]
[SourceQuality "1"]
[TimeControl "5400+30"]

1. c4 e5 2. Nc3 Nf6 3. Nf3 Nc6 4. e4 g6 5. d4 exd4 6. Nxd4 Bg7 7. Nc2 d6 8. Be2 Nd7 9. O-O Nc5 10. f3 O-O 11. Be3 a5 12. Qd2 f5 13. Bg5 Bf6 14. Bxf6 Qxf6 15. exf5 Bxf5 16. Ne3 Rae8 17. Rad1 Qg7 18. Nxf5 Rxf5 19. f4 Kh8 20. Bf3 Nb4 21. g3 Rf7 22. Qd4 a4 23. Qxg7+ Kxg7 24. Rd2 Rfe7 25. Bd1 Ra8 26. g4 a3 27. f5 Re3 28. Nb5 Ne4 29. Rg2 axb2 30. Rxb2 Nd3 31. Re2 Rxe2 32. Bxe2 Ne5 33. Nxc7 Rxa2 34. Ne6+ Kf7 35. fxg6+ Kxg6 36. h4 h6 37. h5+ Kh7 38. Bd3 Nxd3 39. Rf7+ Kg8 40. Rf8+ Kh7 41. Rf7+ 1/2-1/2

[Event "Western Asian Juniors Chess-ch 2023"]
[Site "Colombo"]
[Date "2023.12.03"]
[Round "6.6"]
[White "Ankit Ray"]
[Black "Halynyazow, Vepaly"]
[Result "1-0"]
[ECO "A11"]
[WhiteElo "1902"]
[BlackElo "2020"]
[Annotator "NA RC"]
[PlyCount "40"]
[EventDate "2023.11.30"]
[EventCountry "SRI"]
[SourceTitle "playchess.com"]
[Source "ChessBase"]
[SourceQuality "1"]
[TimeControl "5400+30"]

1. Nf3 d5 2. g3 Nf6 3. Bg2 Bf5 4. c4 c6 5. O-O e6 6. d3 Be7 7. cxd5 exd5 8. Qb3 Qc8 9. Nc3 O-O 10. Re1 Na6 11. Bf4 Nc5 12. Qc2 h6 13. e4 Bh7 14. Nd4 Re8 15. Rad1 Bf8 16. Nb3 Ne6 17. Be5 Ng4 18. exd5 cxd5 19. Qd2 d4 20. Bxd4 Rd8 1-0